 Dungeon Crawl Stone Soup version 0.30-a0-739-gea05faddec (webtiles) character file.

Game seed: 1023897940871624607

119 kingofthe the Chopper (level 5, -5/47 HPs)
             Began as a Gnoll Chaos Knight on Feb 4, 2023.
             Was a Plaything of Xom.
             Slain by a gnoll bouda
             ... wielding a +0 club
              (9 damage)
             ... on level 3 of the Dungeon.
             The game lasted 00:02:35 (1408 turns).

kingofthe the Chopper (Gnoll Chaos Knight)          Turns: 1408, Time: 00:02:35

Health: -5/47      AC: 12    Str: 13    XL:     5   Next: 3%
Magic:  7/7        EV:  4    Int: 12    God:    Xom [...*..]
Gold:   151        SH:  0    Dex: 11    Spells: 6/6 levels left

rFire   . . .      SeeInvis .    a - +0 hand axe (chaos)
rCold   + . .      Faith    .    (no shield)
rNeg    . . .      Spirit   .    n - +0 plate armour {rC+}
rPois   .          Reflect  .    (no helmet)
rElec   .          Harm     .    (no cloak)
rCorr   .          Rampage  .    (no gloves)
Will    .....                    (no boots) Stlth
                                 (no amulet)
HPRegen 0.27/turn                (no ring)
MPRegen 0.10/turn                (no ring)

@: confused
A: fangs 1, strong nose, distributed training
a: Renounce Religion


You were on level 3 of the Dungeon.
You worshipped Xom.
You were a favourite toy of Xom.
You visited 1 branch of the dungeon, and saw 3 of its levels.

You collected 151 gold pieces.

Inventory:

Hand Weapons
 a - a +0 hand axe of chaos (weapon)
Armour
 b - a +2 leather armour
 n - a +0 plate armour of cold resistance (worn)
Scrolls
 d - a scroll of vulnerability {unknown}
 i - 2 scrolls of enchant armour {unknown}
 k - 4 scrolls of identify {unknown}
 l - a scroll of poison {unknown}
 m - a scroll of brand weapon {unknown}
 o - a scroll of immolation {unknown}
 q - a scroll of blinking {unknown}
Potions
 e - 2 potions of attraction {unknown}
 f - a potion of magic {unknown}
 g - a potion of flight {unknown}
 h - a potion of might {unknown}
 j - 2 potions of heal wounds {unknown}
 p - a potion of invisibility {unknown}
Miscellaneous
 c - a piece from Xom's chessboard (14/15) (quivered)


   Skills:
 + Level 6.6 Fighting
 + Level 1.4 Short Blades
 + Level 1.4 Long Blades
 + Level 6.6 Axes
 + Level 1.4 Maces & Flails
 + Level 1.4 Polearms
 + Level 1.4 Staves
 + Level 1.4 Ranged Weapons
 + Level 1.4 Throwing
 + Level 4.7 Armour
 + Level 2.9 Dodging
 + Level 1.4 Stealth
 + Level 1.4 Shields
 + Level 1.4 Unarmed Combat
 + Level 1.4 Spellcasting
 + Level 1.1 Conjurations
 + Level 1.1 Hexes
 + Level 1.1 Summonings
 + Level 1.1 Necromancy
 + Level 1.1 Translocations
 + Level 1.1 Transmutations
 + Level 1.1 Fire Magic
 + Level 1.1 Ice Magic
 + Level 1.1 Air Magic
 + Level 1.1 Earth Magic
 + Level 1.1 Poison Magic
 + Level 1.5 Invocations
 + Level 1.4 Evocations


You had 6 spell levels left.
You didn't know any spells.
Your spell library was empty.

Dungeon Overview and Level Annotations

Branches:
Dungeon (3/15)

Altars:

Shops:
D:3 :


Innate Abilities, Weirdness & Mutations

You have very sharp teeth.
Your uncanny sense of smell can sniff out nearby items.
Your experience applies equally to all skills.


Message History

The gnoll bouda hits you but does no damage.
You hit the gnoll bouda.
The gnoll bouda goes berserk!
The gnoll bouda is heavily wounded.
Xom complains about the scenery.
Your quasit barely misses the gnoll bouda.
Your quasit claws the gnoll bouda but does no damage. x2
The gnoll bouda hits you with a +0 club!
* * * LOW HITPOINT WARNING * * *
The gnoll hits your quasit with a +0 spear.
You swap places.
Your quasit bites the gnoll bouda but does no damage.
Your quasit claws the gnoll bouda but does no damage. x2
The gnoll bouda hits your butterfly with a +0 club!
Your butterfly dies!
Your butterfly disappears in a puff of smoke!
The gnoll closely misses your quasit.
Your quasit bites the gnoll bouda but does no damage.
Your quasit closely misses the gnoll bouda.
Your quasit claws the gnoll bouda but does no damage.
The gnoll bouda rages.
The gnoll bouda misses your butterfly.
You hear a shout!
Something misses your butterfly.
You swap places.
Your attacks no longer feel as feeble.
The gnoll bouda hits your butterfly with a +0 club!
Your butterfly dies!
Your butterfly disappears in a puff of smoke!
Your quasit bites the gnoll bouda.
Your quasit claws the gnoll bouda but does no damage.
Your quasit barely misses the gnoll bouda.
The gnoll hits your quasit with a +0 spear!
Your quasit dies!
Your quasit disappears in a puff of smoke!
Xom's power touches on your mind for a moment.
You are confused.
The gnoll bouda attacks as you move away!
The gnoll bouda hits you with a +0 club!
You die...
Xom titters!

#....≈....####g#
#...§.≈..[# #g#
∆#..≈...≈.## #.# #
#†≈..∩..≈## #g#
#.#†.≈...≈..# #5#
###.#...≈.≈..b# #.#
#........≈..).####.####
###.###.b#.##....§.g....#
... #...[..@g§.g...##.#
#.###.......######## #
#...<...........
###.#.##.#######
.............#
#########.#### .#.# # #..
###


You could see a gnoll bouda (berserk) and 2 gnolls.

Vanquished Creatures
  An orc wizard (D:3)
  3 adders (D:2)
  2 dart slugs
  3 orcs (D:3)
  8 ball pythons
  6 bats (D:1)
  8 endoplasms
  2 giant cockroaches
  6 hobgoblins
  4 jackals
  2 quokkas (D:1)
  A frilled lizard (D:1)
  4 goblins
  6 rats
56 creatures vanquished.

Notes
Turn   | Place    | Note
-------+----------+-------------------------------------------
     0 | D:1      | kingofthe the Gnoll Chaos Knight began the quest for the
                  | Orb.
     0 | D:1      | Reached XP level 1. HP: 23/23 MP: 1/1
    83 | D:1      | XOM: potion effect (haste)
    93 | D:1      | Found a faded altar of an unknown god.
    97 | D:1      | XOM: silly message
   104 | D:1      | Reached XP level 2. HP: 25/29 MP: 2/2
   309 | D:1      | XOM: divination: magic mapping
   356 | D:1      | XOM: 4-stop teleportation journey
   362 | D:1      | Reached XP level 3. HP: 34/35 MP: 3/3
   456 | D:1      | Reached skill level 1 in Invocations
   860 | D:2      | Reached skill level 1 in Short Blades
   860 | D:2      | Reached skill level 1 in Long Blades
   860 | D:2      | Reached skill level 1 in Maces & Flails
   860 | D:2      | Reached skill level 1 in Polearms
   860 | D:2      | Reached skill level 1 in Staves
   860 | D:2      | Reached skill level 1 in Ranged Weapons
   860 | D:2      | Reached skill level 1 in Throwing
   860 | D:2      | Reached skill level 1 in Stealth
   860 | D:2      | Reached skill level 1 in Shields
   860 | D:2      | Reached skill level 1 in Unarmed Combat
   860 | D:2      | Reached skill level 1 in Spellcasting
   860 | D:2      | Reached skill level 1 in Evocations
   882 | D:2      | Reached XP level 4. HP: 41/41 MP: 5/5
   890 | D:2      | XOM: god gift: runed plate armour {god gift}
  1170 | D:2      | Reached skill level 1 in Conjurations
  1170 | D:2      | Reached skill level 1 in Hexes
  1170 | D:2      | Reached skill level 1 in Summonings
  1170 | D:2      | Reached skill level 1 in Necromancy
  1170 | D:2      | Reached skill level 1 in Translocations
  1170 | D:2      | Reached skill level 1 in Transmutations
  1170 | D:2      | Reached skill level 1 in Fire Magic
  1170 | D:2      | Reached skill level 1 in Ice Magic
  1170 | D:2      | Reached skill level 1 in Air Magic
  1170 | D:2      | Reached skill level 1 in Earth Magic
  1170 | D:2      | Reached skill level 1 in Poison Magic
  1267 | D:2      | XOM: snakes to sticks
  1323 | D:3      | Found Woaminti's Book Shop.
  1381 | D:3      | Reached XP level 5. HP: 30/47 MP: 5/7
  1388 | D:3      | XOM: summons friendly quasit
  1399 | D:3      | XOM: scenery: summon butterflies
  1399 | D:3      | HP: 2/47 [gnoll bouda/+0 club (11)]
  1406 | D:3      | XOM: confusion
  1408 | D:3      | Slain by a gnoll bouda

Illustrated notes

Levels and vault maps discovered:
D:1:      dpeg_arrival_lava_altar, layout_basic, nicolae_ecumenical_lake_church
D:2:      layout_loops_ring, minmay_tiny_reverse_x
D:3:      layout_loops_ring, serial_shops, nicolae_diamond_shop,
          amethyst_killhole, uniq_jessica, uniq_ijyb

Skill      XL: |  1  2  3  4 |
---------------+-------------+-----
Invocations    | 1 |  1.5
Short Blades   | 1 |  1.4
Long Blades    | 1 |  1.4
Maces & Flails | 1 |  1.4
Polearms       | 1 |  1.4
Staves         | 1 |  1.4
Ranged Weapons | 1 |  1.4
Throwing       | 1 |  1.4
Stealth        | 1 |  1.4
Shields        | 1 |  1.4
Unarmed Combat | 1 |  1.4
Spellcasting   | 1 |  1.4
Evocations     | 1 |  1.4
Conjurations   | 1 |  1.1
Hexes          | 1 |  1.1
Summonings     | 1 |  1.1
Necromancy     | 1 |  1.1
Translocations | 1 |  1.1
Transmutations | 1 |  1.1
Fire Magic     | 1 |  1.1
Ice Magic      | 1 |  1.1
Air Magic      | 1 |  1.1
Earth Magic    | 1 |  1.1
Poison Magic   | 1 |  1.1
Fighting       | |  6.6
Axes           | |  6.6
Armour         | |  4.7
Dodging        | |  2.9

Action                     |  1- 3 |  4- 6 || total
---------------------------+-------+-------++-------
  Melee: Hand axe          |    86 |    57 ||   143
         Bite              |     5 |     2 ||     7
         Punch             |       |     1 ||     1
  Evoke: Piece from Xom's  |       |     1 ||     1
   Stab: Sleeping          |     1 |       ||     1
 Armour: Leather armour    |    30 |       ||    30
         Plate armour      |       |    39 ||    39
  Dodge: Dodged            |    51 |    16 ||    67

Table legend: (Time is in decaauts)
 A = Elapsed time spent in this place.
 B = Non-inter-level travel time spent in this place.
 C = Inter-level travel time spent in this place.
 D = Time resting spent in this place.
 E = Time spent auto-exploring this place.
 F = Levels seen in this place.
 G = Mean time per level.
                   A        B        C        D        E       F      G
               +--------+--------+--------+--------+--------+-----+--------+
         Total |   1385 |   1333 |     52 |      0 |   1035 |   3 |  461.7 |
       Dungeon |   1385 |   1333 |     52 |      0 |   1035 |   3 |  461.7 |
               +--------+--------+--------+--------+--------+-----+--------+

Top non-repeatable levels by time:
     D:1: 707 daAuts
     D:2: 594 daAuts
     D:3: 83 daAuts
